 Dungeon Crawl Stone Soup version 0.17.2-1-ge4368a0 (webtiles) character file.

131 Goblin1989 the Cudgeler (level 4, -7/35 HPs)
             Began as a Demonspawn Abyssal Knight on July 25, 2016.
             Was a Believer of Lugonu.
             Killed from afar by an orc wizard (11 damage)
             ... with a puff of frost
             ... on level 3 of the Dungeon.
             The game lasted 00:05:33 (1786 turns).

Goblin1989 the Cudgeler (Demonspawn Abyssal Knight) Turns: 1786, Time: 00:05:33

Health: -7/35      AC:  5    Str:  8 (9)  XL:     4   Next: 91%
Magic:  6/6        EV: 10    Int: 10 (11) God:    Lugonu [**....]
Gold:   142        SH:  0    Dex: 10 (11) Spells: 0 memorised, 3 levels left

rFire  . . .     SeeInvis .     q - +2 whip (elec)
rCold  . . .     Rnd*Rage +     g - +0 ring mail
rNeg   . . .     SustAt   .     (no shield)
rPois  .         Gourm    .     (no helmet)
rElec  .         Spirit   .     (no cloak)
rCorr  .         Warding  .     (no gloves)
rMut   .         Stasis   .     (no boots)
MR     .....                    (no amulet)
Stlth  ..........               (no ring)
                                (no ring)

@: not resistant to hostile enchantments, extremely unstealthy
A: berserk 1, blurry vision 2, clumsy 1, dopey 1, powered by death 1, powered by
pain 1, screaming 1, weak 2, subdued magic 1
a: Depart the Abyss, Bend Space, Renounce Religion


You were on level 3 of the Dungeon.
You worshipped Lugonu.
Lugonu was pleased with you.
You were not hungry.

You visited 1 branch of the dungeon, and saw 3 of its levels.
You visited the Abyss 1 time.

You collected 142 gold pieces.

Inventory:

Hand Weapons
 q - a +2 whip of electrocution (weapon)
Armour
 g - a +0 ring mail (worn)
Wands
 o - a wand of slowing (14)
Scrolls
 b - 2 scrolls of identify {unknown}
 e - a scroll of vulnerability {unknown}
 h - a scroll of recharging {unknown}
 j - a scroll of amnesia {unknown}
 m - a scroll of noise {unknown}
Potions
 k - a potion of brilliance
 l - a potion of curing
Books
 f - a book of Burglary

   Spells                             Type                      Level
   a - Swiftness                      Charms/Air                   2
   b - Passwall                       Transmutation/Earth          3
   c - Passage of Golubria            Translocation                4
   d - Lee's Rapid Deconstruction     Earth                        5
   e - Darkness                       Hexes                        6
   f - Invisibility                   Hexes                        6
Miscellaneous
 d - a sack of spiders
Comestibles
 c - 2 bread rations
 i - a royal jelly
 p - a meat ration


   Skills:
 - Level 3.2 Fighting
 + Level 3.9 Maces & Flails
 - Level 2.1 Armour
 - Level 1.3 Dodging
 - Level 3.1 Invocations


You had 3 spell levels left.
You didn't know any spells.

Dungeon Overview and Level Annotations

Branches:
Dungeon (3/15)

Altars:
Cheibriados
Elyvilon
Trog


Innate Abilities, Weirdness & Mutations

You regenerate a little health from kills.
You sometimes gain a little power by taking damage.
[You tend to lose your temper in combat.]
[Scrolls take you longer to read.]
[You are clumsy. (Dex -2)]
[You are dopey. (Int -2)]
[You occasionally shout uncontrollably at your foes.]
[You are very weak. (Str -4)]
[Your spells are a little easier to cast, but a little less powerful.]


Message History

You take 2 damage, and have 26/35 hp.
The orc wizard barely misses you.
The orc wizard casts a cantrip, but nothing happens.
The orc wizard points at you and mumbles some strange words.
The magic dart hits you!
You take 7 damage, and have 20/35 hp.
The orc wizard hits you with a dagger.
You take 2 damage, and have 18/35 hp.
The orc wizard casts a spell at you. The puff of frost hits you!
* * * LOW HITPOINT WARNING * * *
You take 9 damage, and have 9/35 hp.
MASSIVE DAMAGE!!
The orc wizard hits you but does no damage.
The orc wizard casts a spell at you. The puff of frost hits you!
* * * LOW HITPOINT WARNING * * *
You take 6 damage, and have 3/35 hp.
The orc wizard casts a spell at you. The puff of frost hits you!
You die...

#.
#####....######.
##.. #.
#.#o........ ...
#.###
#o#.########
#..##...# #.#.#
.......# #)#.#
#......# #(#o#
#..##..# #)#.#
#..##..#####.#.#
#.......@.oo..)#
##.###.#########
##.###.#
##...##.#
####<....#.#
#......<...#
#.##.....#.# #
##...##.# ##.##
#


You could see an orc wizard and an orc.

Vanquished Creatures
  An orc wizard (D:3)
  An orc priest (D:3)
  A gnoll (D:2)
  An adder (D:2)
  An ooze (D:1)
  3 orcs
  9 bats
  2 giant cockroaches (D:1)
  7 hobgoblins
  2 quokkas (D:2)
  3 giant newts
  3 goblins
  3 kobolds
  5 rats (D:1)
42 creatures vanquished.

Notes
Turn   | Place    | Note
--------------------------------------------------------------
     0 | Abyss:1  | Goblin1989 the Demonspawn Abyssal Knight began the quest for the Orb.
     0 | Abyss:1  | Reached XP level 1. HP: 18/18 MP: 2/2
    37 | Abyss:2  | Noticed a wretched star
    39 | Abyss:2  | Noticed a wretched star
    40 | D:1      | Escaped the Abyss
    55 | D:1      | Reached skill level 1 in Dodging
   306 | D:1      | Reached * piety under Lugonu
   329 | D:1      | Gained mutation: You sometimes gain a little power by taking damage. [demonic ancestry]
   329 | D:1      | Reached XP level 2. HP: 24/24 MP: 4/4
   977 | D:2      | Reached XP level 3. HP: 20/29 MP: 5/5
  1195 | D:2      | Found a white marble altar of Elyvilon.
  1273 | D:2      | Found a snail-covered altar of Cheibriados.
  1532 | D:2      | Found a bloodstained altar of Trog.
  1574 | D:2      | Reached ** piety under Lugonu
  1697 | D:3      | Gained mutation: You regenerate a little health from kills. [demonic ancestry]
  1697 | D:3      | Reached XP level 4. HP: 3/35 MP: 6/6
  1786 | D:3      | Killed from afar by an orc wizard

Action                   |  1- 3 |  4- 6 || total
-------------------------+-------+-------++-------
Melee: Mace              |   115 |    10 ||   125
       Whip              |       |     9 ||     9
Invok: Depart the Abyss  |     1 |       ||     1
  Use: Potion            |       |     4 ||     4
  Eat: Chunk             |     4 |     1 ||     5
